 Dungeon Crawl Stone Soup version 0.31.0-11-ge490571c62 (webtiles) character file.

Game seed: 4216155507748588797

8 browni3141 the Shooter (level 2, 22/22 HPs)
             Began as a Demonspawn Hunter on Jan 31, 2024.
             Got out of the dungeon alive.
             The game lasted 00:00:08 (445 turns).

browni3141 the Shooter (Demonspawn Hunter)           Turns: 445, Time: 00:00:08

Health: 22/22      AC:  3    Str: 11    XL:     2   Next: 0%
Magic:  2/2        EV: 12    Int:  9    God:
Gold:   8          SH:  0    Dex: 16    Spells: 1/1 levels left

rFire   . . .        a - +0 shortbow
rCold   . . .        (shield currently unavailable)
rNeg    . . .        c - +0 leather armour
rPois   .            (no helmet)
rElec   .            (no cloak)
rCorr   .            (no gloves)
SInv    .            (no boots)
Will    .....        (no amulet)
Stlth   ++           (no ring)
HPRegen 0.23/turn    (no ring)
MPRegen 0.08/turn

%: no passive effects
@: no status effects
A: foul stench 1
a: no special abilities


You escaped.
You visited 1 branch of the dungeon, and saw 1 of its levels.

You collected 8 gold pieces.

Inventory:

Hand Weapons
 a - a +0 shortbow (weapon)
Armour
 c - a +0 leather armour (worn)
Scrolls
 b - a scroll of butterflies
 d - a scroll of identify {unknown}
 e - 2 scrolls of teleportation {unknown}
Potions
 f - a potion of haste {unknown}
 g - a potion of might {unknown}


   Skills:
 + Level 2.2 Fighting
 + Level 3.7 Ranged Weapons
 + Level 2.0 Dodging
 + Level 1.2 Stealth


You had one spell level left.
You didn't know any spells.
Your spell library was empty.

Dungeon Overview and Level Annotations

Branches:
Dungeon (1/15)

Altars:


Innate Abilities, Weirdness & Mutations

You may rarely emit foul miasma when damaged in melee.


Message History

There are monsters nearby!
You shoot an arrow. The arrow closely misses the kobold.
The frilled lizard hisses.
The kobold hits you with a +0 whip.
There are monsters nearby!
You shoot an arrow.
The arrow hits the kobold but does no damage.
The kobold is heavily wounded.
The kobold barely misses you.
There are monsters nearby!
There are monsters nearby!
You shoot an arrow. The arrow hits the kobold.
You kill the kobold!
A frilled lizard is nearby!
You shoot an arrow. The arrow misses the frilled lizard.
A frilled lizard is nearby!
You shoot an arrow.
The arrow closely misses the frilled lizard.
A frilled lizard is nearby!
You shoot an arrow.
The arrow barely misses the frilled lizard.
The frilled lizard completely misses you.
A frilled lizard is nearby!
You shoot an arrow.
The arrow closely misses the frilled lizard.
The frilled lizard barely misses you.
A frilled lizard is nearby!
You shoot an arrow.
The arrow closely misses the frilled lizard.
The frilled lizard barely misses you.
A frilled lizard is nearby!
You shoot an arrow.
The arrow closely misses the frilled lizard.
The frilled lizard closely misses you.
The frilled lizard bites you but does no damage.
A frilled lizard is nearby!
A frilled lizard is nearby!
You shoot an arrow.
The arrow closely misses the frilled lizard.
The frilled lizard closely misses you.
A frilled lizard is nearby!
A frilled lizard is nearby!
You shoot an arrow.
The arrow closely misses the frilled lizard.
The frilled lizard closely misses you.
A frilled lizard is nearby!
You shoot an arrow.
The arrow completely misses the frilled lizard.
The frilled lizard closely misses you.
The frilled lizard bites you but does no damage.
You shoot an arrow.
The arrow barely misses the frilled lizard.
The frilled lizard closely misses you.
A frilled lizard is nearby!
A frilled lizard is nearby!
You shoot an arrow. The arrow misses the frilled lizard.
The frilled lizard barely misses you.
A frilled lizard is nearby!
You shoot an arrow.
The arrow closely misses the frilled lizard.
The frilled lizard barely misses you.
You shoot an arrow. The arrow misses the frilled lizard.
The frilled lizard barely misses you. x2
A frilled lizard is nearby!
You shoot an arrow. The arrow misses the frilled lizard.
The frilled lizard closely misses you.
A frilled lizard is nearby!
A frilled lizard is nearby!
You shoot an arrow.
The arrow closely misses the frilled lizard.
The frilled lizard bites you but does no damage.
You shoot an arrow. The arrow hits the frilled lizard.
You kill the frilled lizard!
Your Dodging skill increases to level 2!
Things that are here:
a +0 whip; a frilled lizard corpse A frilled lizard comes into view.
A frilled lizard is nearby!
You shoot an arrow.
The arrow hits the frilled lizard but does no damage.
The frilled lizard hisses angrily.
You shoot an arrow.
The arrow barely misses the frilled lizard.
A frilled lizard is nearby!
You shoot an arrow. The arrow hits the frilled lizard.
You kill the frilled lizard!
You have reached level 2!
Your demonic ancestry asserts itself...
You begin to emit a foul stench of rot and decay.
There is an open door here.
There is an open door here.
There is an open door here.
There is an open door here.
There is an open door here.
There is an open door here.
There is an open door here.
There is an open door here.
There is an open door here.
There is a staircase leading out of the dungeon here.
You have escaped!

#.##############.###..##
#.#......'.....#.#
#...##
#.#.##########.#.#
#....##
#.#.#....'...#.#.#
#......
#.#.#.######.#.#.#
#......
#.#.#.#..'>#.#.#.#
#......
#.#.#.#.####'#'#'#
#......
#'#'#'#'###..#.#.#
#.#####
#.#.#.#.#@'..#.#.# #.#
#.#.#.#.######.#.# #.#
#.#.#.#...'.)..#.# #.#
#.#.#.##########.# #.#
#.#.#.....'......###.#
#.#.##############...#
#.#.......'........###
#.#########.#####..#
#.........'........#


There were no monsters in sight!

Vanquished Creatures
  A giant cockroach (D:1)
  A kobold (D:1)
  A quokka (D:1)
  2 frilled lizards (D:1)
  2 goblins (D:1)
  A rat (D:1)
8 creatures vanquished.

Notes
Turn   | Place    | Note
-------+----------+-------------------------------------------
     0 | D:1      | browni3141 the Demonspawn Hunter began the quest for the
                  | Orb.
     0 | D:1      | Reached XP level 1. HP: 16/16 MP: 1/1
   245 | D:1      | Reached skill level 1 in Stealth
   317 | D:1      | Gained mutation: You may rarely emit foul miasma when
                  | damaged in melee. [demonic ancestry]
   317 | D:1      | Reached XP level 2. HP: 22/22 MP: 2/2
   445 | D:$      | Got out of the dungeon alive.

Illustrated notes

Levels and vault maps discovered:
D:1:      minmay_arrival_widening_spiral_narrow, layout_rooms,
          minmay_fountain_box, minivault_23

Skill      XL: |  1 |
---------------+----+-----
Stealth        | 1 |  1.2
Dodging        | 2 |  2.0
Fighting       | |  2.2
Ranged Weapons | |  3.7

Action                     || total
---------------------------++-------
   Fire: Shortbow          ||    29
 Armour: Leather armour    ||     4
  Dodge: Dodged            ||    15
